 Dungeon Crawl Stone Soup version 0.25-a0-366-g516bc45ae0 (webtiles) character file.

Game seed: 16862726405511845033, levelgen mode: deterministic

103362 mopl the Summoner (level 15, 0/126 HPs)
             Began as a Green Draconian Summoner on Jan 6, 2020.
             Was a High Priest of Sif Muna.
             Slain by a nagaraja (7 damage)
             ... on level 4 of the Snake Pit.
             The game lasted 02:27:27 (37817 turns).

mopl the Summoner (Green Draconian Summoner)       Turns: 37817, Time: 02:27:27

Health: 0/126      AC: 16    Str: 11    XL:     15   Next: 88%
Magic:  29/29      EV:  9    Int: 25    God:    Sif Muna [*****.]
Gold:   2553       SH: 14    Dex: 16    Spells: 1/34 levels left

rFire    + . .     SeeInvis .   a - +2 spear (freeze)
rCold    + + .     Gourm    .   F - +2 shield
rNeg     . . .     Faith    +   (armour unavailable)
rPois    +         Spirit   .   t - +1 hat "Wasone" {Regen+ rCorr Dex+4}
rElec    .         Reflect  .   s - scarf {rC+ rF+}
rCorr    +         Harm     .   u - +2 pair of gloves {archery}
MR       +....                  f - +2 pair of boots {run}
Stlth    ++........             l - amulet of faith {!P}
HPRegen  0.71/turn              Q - +4 ring of intelligence
MPRegen  0.21/turn              I - ring of Scepticism {Wiz rC+}

@: lethally poisoned (0 -> 0), constricted, quick
A: breathe noxious fumes, unfitting armour, stinger 1, poison resistance,
cold-blooded, AC +9
a: Breathe Noxious Fumes, Channel Magic, Forget Spell, Divine Exegesis, Renounce
Religion


You were on level 4 of the Snake Pit.
You worshipped Sif Muna.
Sif Muna was extremely pleased with you.
You were not hungry.

You visited 5 branches of the dungeon, and saw 28 of its levels.
You also visited: Ossuary, Gauntlet, Ice Cave and Volcano.

You collected 3187 gold pieces.
You spent 634 gold pieces at shops.

Inventory:

Hand Weapons
 a - a +2 spear of freezing (weapon)
 e - the +3 short sword "Diygar" {vamp, +Blink rPois rF+}
   (You found it on level 9 of the Dungeon)

   It inflicts no extra harm, but heals its wielder when it wounds a living foe.
   It protects you from fire.
   It protects you from poison.
   It lets you blink.
Missiles
 G - 58 poisoned darts (quivered)
 S - 3 throwing nets
Armour
 f - a +2 pair of boots of running (worn)
 s - a scarf of resistance (worn)
 t - the +1 hat "Wasone" (worn) {Regen+ rCorr Dex+4}
   (You found it in a Gauntlet)

   It affects your dexterity (+4).
   It increases your rate of regeneration.
   It provides partial protection from all sources of acid and corrosion.
 u - a +2 pair of gloves of archery (worn)
 x - a scarf of cloud immunity
 A - the +0 pair of boots of the Hills {rN++ Str+5}
   (You acquired it in an ice cave)

   It affects your strength (+5).
   It greatly protects you from negative energy.
 F - a +2 shield (worn)
Magical Staves
 b - an uncursed staff of power {!a}
Jewellery
 l - an amulet of faith (around neck) {!P}
 I - the ring of Scepticism (right hand) {Wiz rC+}
   (You found it on level 6 of the Lair of Beasts)

   [ring of wizardry]

   It improves your spell success rate.
   It protects you from cold.
 Q - a +4 ring of intelligence (left hand)
 W - an uncursed ring of see invisible
Wands
 k - a wand of scattershot (7)
 m - a wand of digging (4)
 w - a wand of flame (92)
 C - a wand of iceblast (21)
 J - a wand of enslavement (2)
 O - a wand of acid (29)
 P - a wand of clouds (9)
 R - a wand of polymorph (24)
 Y - a wand of disintegration (10)
Scrolls
 d - 17 scrolls of remove curse
 g - 5 scrolls of fog
 h - 2 scrolls of blinking
 j - 12 scrolls of teleportation
 p - 6 scrolls of identify
 v - 7 scrolls of immolation
 z - 8 scrolls of magic mapping
 Z - a scroll of silence {!r}
Potions
 i - 6 potions of agility
 n - 4 potions of flight
 o - 2 potions of brilliance
 q - a potion of haste
 r - 4 potions of resistance
 B - 8 potions of curing
 D - 3 potions of magic
 E - 3 potions of ambrosia
 K - 11 potions of might
 L - 3 potions of invisibility
 M - 3 potions of heal wounds
 N - 5 potions of berserk rage {!q}
 T - 3 potions of cancellation
 V - a potion of mutation {!q}
Miscellaneous
 y - a sack of spiders
 H - a phantom mirror
 U - a box of beasts
 X - a lightning rod (4/4)
Comestibles
 c - 36 rations


   Skills:
 - Level 10.0 Fighting
 + Level 9.1 Polearms
 - Level 1.7 Dodging
 - Level 1.7 Stealth
 + Level 13.0 Shields
 + Level 10.0 Spellcasting
 - Level 2.0 Hexes
 - Level 2.0 Charms
 * Level 14.3 Summonings
 - Level 5.0 Translocations
 - Level 5.0 Ice Magic
 - Level 5.0 Air Magic
 + Level 9.7 Invocations
 + Level 6.0 Evocations


You had one spell level left.
You knew the following spells:

 Your Spells              Type           Power        Failure   Level  Hunger
a - Summon Demon          Summ           ######....   1%          5    ####...
b - Summon Forest         Summ/Tloc      ######....   1%          5    ####...
c - Call Canine Familiar  Summ           ######..     1%          3    None
d - Summon Ice Beast      Ice/Summ       ######..     1%          4    None
f - Summon Lightning Spi  Summ/Air       ######..     1%          4    None
g - Summon Guardian Gole  Hex/Summ       ######..     1%          3    None
h - Summon Hydra          Summ           ######....   6%          7    #######
n - Swiftness             Chrm/Air       ####....     1%          2    None

Your spell library contained the following spells:

 Spells                   Type           Power        Failure   Level  Hunger
 Summon Butterflies       Summ           ######..     0%          1    None
 Summon Small Mammal      Summ           ####         0%          1    None
 Confusing Touch          Hex            ###...       1%          1    None
 Freeze                   Ice            ####         1%          1    None
 Shock                    Conj/Air       ####         1%          1    None
 Sting                    Tmut/Pois      ##..         2%          1    None
 Call Imp                 Summ           ######..     1%          2    None
 Corpse Rot               Necr/Air       N/A          1%          2    None
 Poisonous Vapours        Pois/Air       ####..       1%          2    None
 Shroud of Golubria       Chrm/Tloc      ####..       1%          2    None
 Gell's Gravitas          Tloc           #####.....   1%          3    None
 Lesser Beckoning         Tloc           #####.....   1%          3    None
 Ozocubu's Armour         Chrm/Ice       ####....     1%          3    None
 Recall                   Summ/Tloc      N/A          1%          3    None
 Static Discharge         Conj/Air       ####....     2%          3    None
 Confuse                  Hex            ###.....     3%          3    None
 Airstrike                Air            #####.....   3%          4    None
 Passage of Golubria      Tloc           N/A          3%          4    None
 Passwall                 Tmut/Erth      ##......     4%          2    None
 Sticks to Snakes         Tmut           ##......     4%          2    None
 Sublimation of Blood     Necr           ##........   4%          2    None
 Dazzling Flash           Conj/Hex       ###...       4%          3    None
 Mephitic Cloud           Conj/Pois/Air  ###.....     4%          3    None
 Summon Greater Demon     Summ           ######....   6%          7    #######
 Conjure Flame            Conj/Fire      ##......     8%          3    None
 Ignite Poison            Fire/Tmut/Pois ##......     8%          3    None
 Stone Arrow              Conj/Erth      ##....       8%          3    None
 Vampiric Draining        Necr           ##........   8%          3    None
 Fulminant Prism          Conj/Hex       ###.......   16%         4    None
 Metabolic Englaciation   Hex/Ice        ####......   16%         5    ####...
 Silence                  Hex/Air        ####......   16%         5    ####...
 Olgreb's Toxic Radiance  Pois           ##......     24%         4    None
 Petrify                  Tmut/Erth      ##......     24%         4    None
 Sticky Flame             Conj/Fire      ##......     24%         4    None
 Lightning Bolt           Conj/Air       ####......   24%         5    ####...
 Malign Gateway           Summ/Tloc      ######....   36%         7    #######
 Excruciating Wounds      Chrm/Necr      ###.......   41%         5    ####...
 Yara's Violent Unravell  Hex/Tmut       ###.......   41%         5    ####...
 Ozocubu's Refrigeration  Ice            #####.....   43%         6    #####..
 Alistair's Intoxication  Tmut/Pois      ##......     52%         5    ####...
 Borgnjor's Vile Clutch   Necr/Erth      ##........   52%         5    ####...
 Dispel Undead            Necr           ##......     52%         5    ####...
 Fireball                 Conj/Fire      ##........   52%         5    ####...
 Irradiate                Conj/Tmut      ##........   52%         5    ####...
 Lee's Rapid Deconstruct  Erth           ##........   52%         5    ####...
 Deflect Missiles         Chrm/Air       ####......   63%         6    #####..
 Freezing Cloud           Conj/Ice/Air   ####......   65%         6    #####..
 Haunt                    Necr/Summ      #####.....   69%         7    #######
 Spellforged Servitor     Conj/Summ      #####.....   69%         7    #######
 Conjure Ball Lightning   Conj/Air       ####......   77%         6    #####..
 Darkness                 Hex            ###.......   82%         6    #####..
 Invisibility             Hex            ###.....     82%         6    #####..
 Eringya's Noxious Bog    Tmut/Pois      ##........   97%         6    #####..
 Hydra Form               Tmut           ##........   97%         6    #####..
 Starburst                Conj/Fire      ##........   97%         6    #####..
 Ring of Flames           Chrm/Fire      ###.......   100%        7    #######
 Controlled Blink         Tloc           N/A          100%        8    #######
 Disjunction              Tloc           #####.....   100%        8    #######
 Ignition                 Fire           ##........   100%        8    #######
 Lehudib's Crystal Spear  Conj/Erth      ##........   100%        8    #######
 Shatter                  Erth           ##........   100%        9    #######
 Tornado                  Air            #####.....   100%        9    #######


Dungeon Overview and Level Annotations

Branches:
Dungeon (15/15)            Temple (1/1) D:7            Lair (6/6) D:10
 Shoals (0/4) Lair:2        Snake (4/4) Lair:2        Slime (0/5) Lair:6
    Orc (2/2) D:11            Elf (0/3) Orc:2        Vaults (0/5) D:14
 Depths (0/5) D:15        Ossuary (visited)           IceCv (visited)
Volcano (visited)         Gauntlet (visited)

Altars:
Ashenzari
Cheibriados
Dithmenos
Fedhas
Gozag
Hepliaklqana
Kikubaaqudgha
Makhleb
Nemelex Xobeh
Okawaru
Qazlal
Ru
Sif Muna
Trog
Wu Jian
Xom
Yredelemnul
Zin
The Shining One
Beogh
Jiyva

Shops:
D:6 :   D:8 *   Orc:1 }%%}   Orc:2 [(:*   Snake:2 [

Annotations:
Snake:1 2 transporters, Jazigoah's ghost, journeyman FeEE
Snake:3 exclusion: downstairs
Snake:4 Mara
Orc:1 3 runed translucent doors, Teokik's ghost, adept GrFi


Innate Abilities, Weirdness & Mutations

You can breathe blasts of noxious fumes.
Your lurid green scales are hard. (AC +9)
You cannot fit into any form of body armour.
Your tail ends in a poisonous barb.
Your system is resistant to poisons. (rPois)
You are cold-blooded and may be slowed by cold attacks.


Message History

You block the salamander mystic's attack.
The nagaraja hits you but does no damage.
The nagaraja constricts you! The black mamba bites you.
* * * LOW HITPOINT WARNING * * *
The nagaraja hits you!
* * * LOW HITPOINT WARNING * * *
The naga hits you with a +0 trident!
* * * LOW HITPOINT WARNING * * *
You block the naga mage's attack.
You block the guardian serpent's attack.
The naga hits you with a +0 hand axe!
* * * LOW HITPOINT WARNING * * *
You block the naga's attack.
Blink to where?
Press: ? - help, Dir - move target cursor The nagaraja's grasp on you weakens, but your attempt to escape fails.
As you read the scroll of blinking, it crumbles to dust.
The black mamba bites you but does no damage.
The nagaraja hits you!
You die...

......#++#.....
..... .(... ...
##.. .S. . ..#
N.. #.
....###...###.N.
......#.#......
.......N.......
......NSN......
#.?SN@N...#
####SNN####
##.## ... ###


You could see 3 nagarajas, a salamander mystic, a salamander, 3 guardian
serpents, a black mamba, a naga mage and 3 nagas.

Vanquished Creatures
  A minotaur (Gauntlet)
  2 dire elephants (Lair:6)
  3 naga warriors
  2 hydras
  3 anacondas
  2 centaur warriors
  4 two-headed ogres
  3 naga sharpshooters
  5 shock serpents
  A sixfirhy (Gauntlet)
  2 unseen horrors
  2 orc knights
  An oklob plant (Lair:4)
  2 salamanders
  9 ugly things
  A manticore (D:14)
  3 elephants (Lair:6)
  A centaur zombie (D:12)
  3 naga magi
  An ice statue (Gauntlet)
  2 black mambas
  3 spiny frogs
  A gargoyle (D:15)
  A komodo dragon (Lair:6)
  4 anaconda simulacra (IceCv)
  An ice devil (IceCv)
  2 rime drakes (Gauntlet)
  A yaktaur (D:15)
  A freezing wraith (D:14)
  A golden dragon simulacrum (IceCv)
  2 trolls
  A slime creature (D:13)
  9 hippogriffs
  3 blink frogs
  3 dream sheep (Lair:6)
  A shadow (D:10)
  15 yaks
  A basilisk (Lair:2)
  A fire bat (Volcano)
  A wraith (D:12)
  2 hogs (D:11)
  8 humans
  3 wargs
  A harpy simulacrum (IceCv)
  A naga (Snake:1)
  An iron troll simulacrum (IceCv)
  3 hydra simulacra (IceCv)
  5 water moccasins
  10 orc warriors
  A porcupine (Lair:4)
  4 phantoms
  A sky beast (D:10)
  An eye of draining (D:12)
  2 ice beasts (D:9)
  10 ogres
  2 necrophages
  9 boggarts (D:15)
  4 wolves
  8 centaurs
  7 crocodiles
  4 big kobolds
  12 bullfrogs
  3 scorpions
  4 killer bees
  3 wights
  An electric eel (Lair:3)
  2 howler monkeys
  A howler monkey (shapeshifter) (D:15)
  3 crimson imps
  2 quasits
  3 draconian simulacra (IceCv)
  4 hounds
  4 bullfrog skeletons
  2 bullfrog zombies
  Crazy Yiuf (D:4)
  13 orc priests
  16 orc wizards
  2 centaur skeletons
  2 iguanas
  10 worker ants
  Natasha (thrice) (D:3)
  3 troll simulacra (IceCv)
  2 hell rats (Lair:6)
  A polar bear simulacrum (IceCv)
  A hound skeleton (D:2)
  3 mummies (Ossuary)
  A worker ant zombie (D:9)
  A howler monkey skeleton (D:10)
  3 gnolls
  8 adders
  4 naga simulacra (IceCv)
  4 shadow imps
  4 white imps (IceCv)
  3 ufetubi
  An adder zombie (D:9)
  2 worms (D:2)
  2 dart slugs
  9 leopard geckos
  54 orcs
  7 giant cockroaches
  A gnoll zombie (Ossuary)
  11 goblins
  6 hobgoblins
  17 jackals
  25 kobolds
  5 quokkas
  3 ball pythons
  6 bats
  3 frilled lizards
  A giant cockroach zombie (D:6)
  A hobgoblin zombie (Ossuary)
  An orc zombie (Ossuary)
  A quokka zombie (D:8)
  3 rats
  2 plants (Lair:6)
482 creatures vanquished.

Vanquished Creatures (collateral kills)
  Rupert (D:14)
  An Ice Fiend (IceCv)
  Kirke (D:13)
  An orc warlord (Orc:2)
  3 dire elephants (Lair:6)
  A yaktaur captain (D:14)
  An ice dragon (Snake:3)
  5 hydras
  3 naga warriors
  A rakshasa (D:14)
  Harold (D:10)
  A death knight (D:12)
  The ghost of LostGamesStreakFreak the Grappler, a novice TrFi of Okawaru (Lair:1)
  5 centaur warriors
  A catoblepas (D:14)
  A hell beast (Gauntlet)
  9 two-headed ogres
  5 anacondas
  3 tengu warriors
  An orc high priest (Orc:2)
  Urug (D:11)
  2 shock serpents
  4 naga sharpshooters
  Nergalle (D:11)
  A salamander mystic (Snake:2)
  A deep troll (shapeshifter) (D:15)
  Pikel (D:4)
  2 naga ritualists
  9 mana vipers
  2 deep elf magi
  6 orc knights
  5 orc sorcerers
  5 ugly things
  A slime creature (D:13)
  4 oklob plants (Lair:4)
  A manticore (D:14)
  A moth of wrath (Lair:1)
  3 cyclopes
  8 salamanders
  An ice statue (IceCv)
  17 black mambas
  13 naga magi
  A centaur zombie (D:14)
  14 elephants
  3 guardian serpents (Snake:3)
  Psyche (D:8)
  3 centaur skeletons (D:14)
  A torpor snail (Lair:4)
  5 gargoyles
  8 spiny frogs
  A rime drake (Lair:3)
  3 komodo dragons
  6 freezing wraiths
  2 golden dragon simulacra (IceCv)
  2 anaconda simulacra (IceCv)
  5 ice devils (IceCv)
  A polar bear (Lair:6)
  6 trolls
  6 meliai (D:14)
  5 hippogriffs
  6 blink frogs
  5 dream sheep
  A dire elephant simulacrum (IceCv)
  16 yaks
  2 spriggans (Lair:4)
  9 humans (D:14)
  A fire bat (Volcano)
  3 wraiths
  6 hogs
  4 vampire mosquitoes (D:12)
  2 basilisks
  5 wargs
  23 nagas
  A soldier ant (shapeshifter) (D:14)
  An iron troll simulacrum (IceCv)
  A hydra simulacrum (IceCv)
  3 water moccasins
  A hell hound (Gauntlet)
  An acid dragon (D:14)
  7 porcupines
  2 slaves (D:4)
  An ettin simulacrum (IceCv)
  2 ice beasts
  4 black bears
  23 orc warriors
  A sky beast (D:7)
  A phantom (D:13)
  A boggart (D:15)
  10 ogres
  6 centaurs
  9 wolves
  5 crocodiles
  A big kobold (D:11)
  9 bullfrogs
  A water moccasin zombie (D:12)
  A wyvern skeleton (D:13)
  3 scorpions
  10 killer bees
  6 wights
  5 howler monkeys
  5 crimson imps
  A bullfrog zombie (D:6)
  A quasit (D:8)
  2 draconian simulacra (IceCv)
  4 hounds
  2 jellies
  22 orc wizards
  19 orc priests
  A gnoll shaman (D:8)
  Ijyb (D:4)
  2 hell rats (Lair:6)
  3 iguanas
  2 troll simulacra (IceCv)
  8 worker ants
  A polar bear simulacrum (IceCv)
  A wolf simulacrum (IceCv)
  2 big kobold zombies (Ossuary)
  A hound skeleton (D:6)
  5 mummies (Ossuary)
  Robin (D:2)
  A howler monkey zombie (D:9)
  3 adders
  4 gnolls
  2 shadow imps
  2 white imps (IceCv)
  6 ufetubi
  A worm (D:5)
  44 orcs
  A bat (D:3)
  A giant cockroach (D:7)
  A gnoll zombie (Ossuary)
  8 goblins
  A hobgoblin (D:2)
  2 jackals (D:3)
  15 kobolds
  A quokka (D:3)
  A hobgoblin zombie (Ossuary)
  A kobold zombie (Ossuary)
  4 fungi
  4 plants
594 creatures vanquished.

Vanquished Creatures (others)
  Asterion (Snake:3)
  A hydra (Lair:1)
  A two-headed ogre (Volcano)
  A polar bear (Lair:4)
  A hell hound (Volcano)
  2 slaves (D:4)
  An ettin simulacrum (IceCv)
  A centaur (Volcano)
  4 goblins (D:4)
  6 fungi (Lair:6)
  13 plants
  2 snaplasher vines
  A withered plant (Gauntlet)
35 creatures vanquished.

Grand Total: 1111 creatures vanquished

Notes
Turn   | Place    | Note
-------+----------+-------------------------------------------
     0 | D:1      | mopl the Draconian Summoner began the quest for the Orb.
     0 | D:1      | Reached XP level 1. HP: 14/14 MP: 3/3
   356 | D:1      | Reached XP level 2. HP: 10/20 MP: 0/5
   365 | D:1      | Learned a level 2 spell: Call Imp
   959 | D:2      | Reached skill level 3 in Spellcasting
   959 | D:2      | Reached XP level 3. HP: 26/26 MP: 1/7
  1080 | D:2      | Noticed Robin
  1111 | D:2      | Killed Robin
  1521 | D:2      | Reached XP level 4. HP: 28/33 MP: 5/9
  2090 | D:3      | Reached skill level 4 in Spellcasting
  2098 | D:3      | Learned a level 3 spell: Call Canine Familiar
  2102 | D:3      | Learned a level 3 spell: Summon Guardian Golem
  2329 | D:3      | Reached XP level 5. HP: 38/38 MP: 11/11
  2531 | D:3      | Noticed Natasha
  2537 | D:3      | Killed Natasha
  2723 | D:3      | Noticed Natasha
  2730 | D:3      | Killed Natasha
  2730 | D:3      | Reached skill level 1 in Hexes
  2730 | D:3      | Reached skill level 5 in Summonings
  2771 | D:3      | Noticed Natasha
  2781 | D:3      | Killed Natasha
  2817 | D:4      | Learned a level 4 spell: Summon Ice Beast
  2873 | D:4      | Found a runed translucent door.
  2874 | D:4      | Noticed Crazy Yiuf
  2887 | D:4      | Killed Crazy Yiuf
  2985 | D:4      | Noticed a slave
  2986 | D:4      | Noticed a slave
  2986 | D:4      | Noticed a slave
  3018 | D:4      | Killed a slave
  3040 | D:4      | Reached XP level 6. HP: 45/45 MP: 7/13
  3063 | D:4      | Noticed Pikel
  3064 | D:4      | Noticed a slave
  3075 | D:4      | Killed a slave
  3075 | D:4      | Killed a slave
  3076 | D:4      | Killed a slave
  3176 | D:4      | Reached skill level 1 in Ice Magic
  3225 | D:4      | Noticed Ijyb
  3241 | D:4      | Killed Ijyb
  3291 | D:4      | Reached skill level 5 in Spellcasting
  3533 | D:4      | Reached skill level 2 in Ice Magic
  3533 | D:4      | Your scales start taking on a lurid green colour.
  3533 | D:4      | Reached XP level 7. HP: 50/50 MP: 10/15
  3533 | D:4      | Gained mutation: Your system is resistant to poisons.
                  | (rPois) [Green Draconian growth]
  3618 | D:4      | Reached skill level 1 in Shields
  3646 | D:4      | Learned a level 4 spell: Summon Lightning Spire
  3763 | D:4      | Killed Pikel
  3763 | D:4      | Reached skill level 2 in Shields
  3763 | D:4      | Reached skill level 6 in Spellcasting
  3763 | D:4      | Reached skill level 6 in Summonings
  3763 | D:4      | Reached skill level 3 in Ice Magic
  3763 | D:4      | Reached skill level 1 in Air Magic
  3781 | D:5      | Entered Level 5 of the Dungeon
  3789 | D:5      | Reached XP level 8. HP: 53/57 MP: 17/17
  3877 | D:5      | Reached skill level 2 in Air Magic
  4072 | D:5      | Noticed a hippogriff
  4083 | D:5      | Killed a hippogriff
  4306 | D:5      | Reached skill level 3 in Shields
  4690 | D:6      | Reached skill level 4 in Ice Magic
  4690 | D:6      | Reached skill level 3 in Air Magic
  4716 | D:6      | Found a sand-covered staircase.
  4817 | D:6      | Found Joxaeclof's Book Boutique.
  4958 | Ossuary  | Entered an ossuary
  5341 | D:6      | Reached skill level 4 in Shields
  5341 | D:6      | Reached skill level 7 in Summonings
  5399 | D:6      | Found an ancient bone altar of Kikubaaqudgha.
  5411 | D:6      | Reached XP level 9. HP: 50/62 MP: 19/19
  5928 | D:7      | Reached skill level 4 in Air Magic
  6007 | D:7      | Reached skill level 7 in Spellcasting
  6365 | D:7      | Found a staircase to the Ecumenical Temple.
  6375 | Temple   | Entered the Ecumenical Temple
  6521 | Temple   | Became a worshipper of Sif Muna the Loreminder
  6810 | D:7      | Reached skill level 1 in Fighting
  6814 | D:7      | Reached skill level 1 in Polearms
  6823 | D:7      | Reached skill level 1 in Invocations
  6852 | D:7      | Reached skill level 5 in Shields
  7074 | D:7      | Reached * piety under Sif Muna
  7210 | D:8      | Found Plog's General Store.
  7215 | D:8      | Bought 2 scrolls of identify for 48 gold pieces
  7215 | D:8      | Bought a potion of flight for 36 gold pieces
  7215 | D:8      | Bought a potion of agility for 48 gold pieces
  7215 | D:8      | Bought 3 scrolls of immolation for 126 gold pieces
  7215 | D:8      | Bought a wand of acid (7) for 264 gold pieces
  7232 | D:8      | Reached skill level 2 in Hexes
  7254 | D:8      | Reached skill level 2 in Fighting
  7257 | D:8      | Reached skill level 1 in Evocations
  7327 | D:8      | Reached skill level 8 in Summonings
  7335 | D:8      | Reached skill level 2 in Invocations
  7527 | D:8      | Found a stormy altar of Qazlal.
  7537 | D:8      | Noticed Psyche
  7856 | D:8      | Reached skill level 2 in Polearms
  8058 | D:8      | Killed Psyche
  8517 | D:9      | Reached XP level 10. HP: 70/74 MP: 20/20
  8553 | D:9      | Reached ** piety under Sif Muna
  8621 | D:9      | Reached skill level 6 in Shields
  8941 | D:9      | Reached skill level 2 in Evocations
  9024 | D:9      | Reached skill level 3 in Fighting
  9062 | D:9      | Noticed a two-headed ogre
  9062 | D:9      | Noticed a centaur warrior
  9062 | D:9      | Noticed a two-headed ogre
  9152 | D:9      | Killed a two-headed ogre
  9152 | D:9      | Reached skill level 3 in Invocations
  9282 | D:9      | Noticed a centaur warrior
  9294 | D:9      | Killed a centaur warrior
  9294 | D:9      | Reached skill level 3 in Polearms
  9308 | D:9      | Killed a centaur warrior
  9341 | D:9      | Killed a two-headed ogre
  9341 | D:9      | Reached skill level 9 in Summonings
  9462 | D:9      | Reached skill level 3 in Evocations
  9554 | D:9      | Reached skill level 7 in Shields
  9559 | D:9      | Noticed a two-headed ogre
  9576 | D:9      | Killed a two-headed ogre
  9620 | D:9      | Got a pitted short sword
  9625 | D:9      | Found the +7 sceptre of Torment {pain, torment}
  9640 | D:9      | Got a jewelled great mace
  9651 | D:9      | Identified the +5 great mace "Giantbane" {pain, Int+3
                  | Stlth+} (You found it on level 9 of the Dungeon)
  9653 | D:9      | Identified the +3 short sword "Diygar" {vamp, +Blink rPois
                  | rF+} (You found it on level 9 of the Dungeon)
  9737 | D:9      | Noticed a cyan ugly thing
 10037 | D:9      | Reached *** piety under Sif Muna
 10097 | D:9      | Reached skill level 4 in Fighting
 10097 | D:9      | Reached XP level 11. HP: 71/84 MP: 21/21
 10262 | D:9      | Killed a cyan ugly thing
 10292 | D:10     | Entered Level 10 of the Dungeon
 10318 | D:10     | Reached skill level 5 in Ice Magic
 10318 | D:10     | Reached skill level 4 in Invocations
 10326 | D:10     | Reached skill level 5 in Air Magic
 10346 | D:10     | Noticed Harold
 10377 | D:10     | Killed Harold
 10519 | D:10     | Noticed a two-headed ogre
 10550 | D:10     | Killed a two-headed ogre
 10550 | D:10     | Reached skill level 4 in Polearms
 10741 | D:10     | Found a staircase to the Lair.
 11524 | D:10     | Reached **** piety under Sif Muna
 11741 | D:10     | Found a shadowy altar of Dithmenos.
 11989 | Lair:1   | Entered Level 1 of the Lair of Beasts
 12112 | Lair:1   | Reached skill level 4 in Evocations
 12119 | Lair:1   | Reached skill level 8 in Shields
 12348 | Lair:1   | Noticed a seven-headed hydra
 12357 | Lair:1   | Found a transporter.
 12361 | Lair:1   | Noticed a four-headed hydra
 12361 | Lair:1   | Noticed LostGamesStreakFreak's ghost (novice TrFi)
 12380 | Lair:1   | Found a transporter.
 12953 | Lair:2   | Reached skill level 5 in Fighting
 12960 | Lair:2   | Reached skill level 10 in Summonings
 13140 | Lair:2   | Found a staircase to the Snake Pit.
 13150 | Lair:2   | Reached skill level 5 in Invocations
 13767 | Lair:2   | Found a staircase to the Shoals.
 14175 | Lair:3   | Reached ***** piety under Sif Muna
 14487 | Lair:3   | Reached skill level 5 in Polearms
 14525 | Lair:3   | Received a gift from Sif Muna
 14525 | Lair:3   | Reached XP level 12. HP: 24/94 MP: 4/22
 14808 | Lair:3   | Learned a level 2 spell: Swiftness
 15345 | Lair:4   | Noticed a five-headed hydra
 15354 | Lair:4   | Killed a five-headed hydra
 15354 | Lair:4   | Reached skill level 9 in Shields
 15379 | Lair:4   | Reached skill level 5 in Evocations
 15443 | Lair:4   | Reached skill level 1 in Charms
 15686 | Lair:4   | Reached skill level 6 in Fighting
 15890 | Lair:4   | Reached skill level 6 in Invocations
 16358 | Lair:4   | Reached skill level 11 in Summonings
 16590 | Lair:5   | Found a sparkling altar of Nemelex Xobeh.
 16673 | Lair:5   | Reached skill level 2 in Charms
 16776 | Lair:5   | Found a dark tunnel.
 16837 | Volcano  | Entered a volcano
 16902 | Volcano  | Noticed a two-headed ogre
 16911 | Volcano  | Noticed a two-headed ogre
 16930 | Volcano  | Killed a two-headed ogre
 16932 | Volcano  | Noticed a two-headed ogre
 16945 | Volcano  | Killed a two-headed ogre
 17192 | Volcano  | Reached skill level 6 in Polearms
 17348 | Lair:5   | Noticed a seven-headed hydra
 17355 | Lair:5   | Killed a seven-headed hydra
 17483 | Lair:5   | Reached skill level 10 in Shields
 17595 | Lair:5   | Identified Sif Muna's Casting Continued (Sif Muna gifted it
                  | to you on level 5 of the Lair of Beasts)
 17595 | Lair:5   | Received a gift from Sif Muna
 18502 | Lair:6   | Entered Level 6 of the Lair of Beasts
 18686 | Lair:6   | Noticed a five-headed hydra
 19179 | Lair:6   | Noticed a six-headed hydra
 19188 | Lair:6   | Killed a six-headed hydra
 19336 | Lair:6   | Reached XP level 13. HP: 82/104 MP: 16/24
 19348 | Lair:6   | Reached skill level 7 in Fighting
 19857 | Lair:6   | Found a viscous altar of Jiyva.
 19858 | Lair:6   | Found a staircase to the Slime Pits.
 20262 | Lair:6   | Got a faintly glowing pewter ring
 20264 | Lair:6   | Identified the ring of Scepticism {Wiz rC+} (You found it
                  | on level 6 of the Lair of Beasts)
 20412 | Lair:6   | Noticed a dire elephant
 20412 | Lair:6   | Noticed a dire elephant
 20430 | Lair:6   | Killed a dire elephant
 20430 | Lair:6   | Reached skill level 7 in Invocations
 20436 | Lair:6   | Killed a dire elephant
 20579 | Lair:6   | Noticed a dire elephant
 20594 | Lair:6   | Killed a dire elephant
 20721 | Lair:6   | Noticed a dire elephant
 20732 | Lair:6   | Noticed a dire elephant
 20732 | Lair:6   | Noticed a dire elephant
 20770 | Lair:6   | Killed a dire elephant
 21028 | Lair:6   | Killed a dire elephant
 21164 | D:11     | Noticed Urug
 21199 | D:11     | Killed Urug
 21222 | D:11     | Reached skill level 12 in Summonings
 21441 | D:11     | Found a staircase to the Orcish Mines.
 21663 | D:11     | Noticed Nergalle
 21681 | D:11     | Killed Nergalle
 21975 | D:11     | Found a burning altar of Makhleb.
 22067 | D:11     | Reached skill level 11 in Shields
 22115 | D:11     | Identified Sif Muna's Papyrus of Protection and Creation
                  | (Sif Muna gifted it to you on level 11 of the Dungeon)
 22115 | D:11     | Received a gift from Sif Muna
 22127 | D:11     | Reached skill level 7 in Polearms
 22141 | D:11     | Learned a level 5 spell: Summon Demon
 22397 | D:11     | Learned a level 5 spell: Summon Forest
 22503 | D:12     | Reached skill level 8 in Spellcasting
 22795 | D:12     | Reached skill level 1 in Translocations
 23485 | D:13     | Reached skill level 8 in Fighting
 23597 | D:13     | Identified Sif Muna's Collected Works on Darkness and
                  | Transmigration (Sif Muna gifted it to you on level 13 of
                  | the Dungeon)
 23597 | D:13     | Received a gift from Sif Muna
 23952 | D:13     | Noticed Kirke
 23957 | D:13     | Noticed a sphinx
 23982 | D:12     | Reached skill level 2 in Translocations
 24052 | D:13     | Gained mutation: Your tail ends in a poisonous barb. [Green
                  | Draconian growth]
 24052 | D:13     | Reached XP level 14. HP: 89/115 MP: 14/26
 24078 | D:13     | Killed Kirke
 24239 | D:13     | Reached skill level 8 in Invocations
 24395 | Orc:1    | Entered Level 1 of the Orcish Mines
 24395 | Orc:1    | Found Hiocly's Food Shop.
 25054 | Orc:1    | Found Yreppar's Gadget Emporium.
 25062 | Orc:1    | Found a roughly hewn altar of Beogh.
 25191 | Orc:1    | Found a runed translucent gate.
 25191 | Orc:1    | Found a runed translucent gate.
 25191 | Orc:1    | Noticed Teokik's ghost (adept GrFi)
 25194 | Orc:1    | Found a runed translucent gate.
 25198 | Orc:1    | Identified the +6 glaive "Qozusa" {antimagic, Str+2 Int+2
                  | Stlth+}
 25224 | Orc:1    | Identified Sif Muna's Collected Works on the Spatial
                  | Entourage (Sif Muna gifted it to you on level 1 of the
                  | Orcish Mines)
 25224 | Orc:1    | Received a gift from Sif Muna
 25302 | Orc:1    | Found a roughly hewn altar of Beogh.
 25455 | Orc:1    | Found an iron altar of Okawaru.
 25506 | Orc:1    | Found Usaam's Gadget Boutique.
 25562 | Orc:1    | Found Jig Oqaa's Food Emporium.
 25725 | Orc:2    | Entered Level 2 of the Orcish Mines
 25995 | Orc:2    | Noticed an orc warlord
 26067 | Orc:2    | Received a gift from Sif Muna
 26605 | Orc:2    | Found a roughly hewn altar of Beogh.
 26610 | Orc:2    | Killed an orc warlord
 26848 | Orc:2    | Found Afed's Book Shop.
 26908 | Orc:2    | Found Kohiwiz's General Store.
 26915 | Orc:2    | Bought a potion of magic for 112 gold pieces
 26992 | Orc:2    | Found Zoakhut's Antique Weapon Shop.
 27050 | Orc:2    | Found a staircase to the Elven Halls.
 27091 | Orc:2    | Found a roughly hewn altar of Beogh.
 27148 | Orc:2    | Found Ilucih's Antique Armour Shop.
 27642 | Lair:1   | Killed LostGamesStreakFreak's ghost
 28027 | D:14     | Reached skill level 3 in Translocations
 28070 | D:14     | Reached skill level 12 in Shields
 28228 | D:14     | Reached skill level 13 in Summonings
 28279 | D:14     | Found a gate leading to a gauntlet.
 28288 | Gauntlet | Entered a Gauntlet
 28288 | Gauntlet | Found a transporter.
 28288 | Gauntlet | Found a transporter.
 28301 | Gauntlet | Found a transporter.
 28305 | Gauntlet | Found a transporter.
 28322 | Gauntlet | Found a transporter.
 28323 | Gauntlet | Found a transporter.
 28332 | Gauntlet | Found a transporter.
 28348 | Gauntlet | Found a transporter.
 28365 | Gauntlet | Found a transporter.
 28366 | Gauntlet | Found a transporter.
 28374 | Gauntlet | Found a transporter.
 28378 | Gauntlet | Found a transporter.
 28434 | Gauntlet | Identified Sif Muna's Compendium of Attacks (Sif Muna
                  | gifted it to you in a Gauntlet)
 28434 | Gauntlet | Received a gift from Sif Muna
 28458 | Gauntlet | Identified a +1 pair of boots of running (You found it in a
                  | Gauntlet)
 28574 | Gauntlet | Got a spiked hat
 28585 | Gauntlet | Identified the +1 hat "Wasone" {Regen+ rCorr Dex+4} (You
                  | found it in a Gauntlet)
 28762 | Gauntlet | Identified the +11 double sword of Feunoab {slice, rC-
                  | Dex+4}
 29428 | D:14     | Noticed Rupert
 29439 | D:14     | Reached skill level 8 in Polearms
 29448 | D:14     | Killed Rupert
 29537 | D:14     | Found a gate to the Vaults.
 29669 | D:14     | Reached skill level 9 in Fighting
 29856 | D:15     | Entered Level 15 of the Dungeon
 30156 | D:15     | Reached skill level 4 in Translocations
 30328 | D:15     | Identified Sif Muna's Catalogue of Hairiness (Sif Muna
                  | gifted it to you on level 15 of the Dungeon)
 30328 | D:15     | Received a gift from Sif Muna
 30894 | D:14     | Reached skill level 9 in Spellcasting
 30894 | D:14     | Reached XP level 15. HP: 94/124 MP: 13/28
 31138 | D:15     | Found a staircase to the Depths.
 31277 | D:15     | Reached skill level 9 in Invocations
 31780 | Snake:1  | Entered Level 1 of the Snake Pit
 32179 | Snake:1  | Identified Sif Muna's Compendium of Aerial Attacks (Sif
                  | Muna gifted it to you on level 1 of the Snake Pit)
 32179 | Snake:1  | Received a gift from Sif Muna
 32585 | Snake:1  | Noticed Jazigoah's ghost (journeyman FeEE)
 32589 | Snake:1  | Found a transporter.
 32606 | Snake:1  | Found a transporter.
 33190 | Snake:2  | Found Lueptuhe's Antique Armour Shop.
 33913 | Snake:2  | Reached skill level 5 in Translocations
 33924 | Snake:2  | Learned a level 7 spell: Summon Hydra
 34323 | Snake:3  | Found a frozen archway.
 34412 | Snake:3  | Reached skill level 14 in Summonings
 34420 | IceCv    | Entered an ice cave
 34634 | IceCv    | Received a gift from Sif Muna
 35233 | IceCv    | Identified a scroll of acquirement
 35237 | IceCv    | Identified the +0 pair of boots of the Hills {rN++ Str+5}
                  | (You acquired it in an ice cave)
 35796 | IceCv    | Noticed an Ice Fiend
 35862 | IceCv    | Killed an Ice Fiend
 36000 | IceCv    | Reached skill level 9 in Polearms
 36375 | Snake:3  | Identified Sif Muna's Disquisition on Frigorific
                  | Transmigration (Sif Muna gifted it to you on level 3 of the
                  | Snake Pit)
 36375 | Snake:3  | Received a gift from Sif Muna
 36766 | Snake:3  | Reached skill level 10 in Spellcasting
 37202 | Snake:4  | Entered Level 4 of the Snake Pit
 37221 | Snake:4  | Reached skill level 10 in Fighting
 37255 | Snake:4  | Noticed a nagaraja
 37255 | Snake:4  | Noticed a nagaraja
 37255 | Snake:4  | Noticed Asterion
 37255 | Snake:4  | Noticed Mara
 37267 | Snake:3  | Noticed an Executioner
 37470 | Snake:3  | Killed Asterion
 37653 | Snake:3  | Reached skill level 13 in Shields
 37653 | Snake:3  | Reached skill level 6 in Evocations
 37814 | Snake:4  | Noticed a nagaraja
 37817 | Snake:4  | Slain by a nagaraja

Levels and vault maps discovered:
D:1:      nzn_arrival_depleted_hourglass, layout_basic
D:2:      layout_loops_ring, uniq_robin
D:3:      layout_basic, first_ration, minmay_misc_feat_rows, uniq_natasha
D:4:      kennysheep_the_goblin_king, layout_rooms, st_stairs_13, uniq_pikel,
          uniq_crazy_yiuf_cottage
D:5:      layout_cave_pods, chequers_serial_rivers_room_a, minmay_manual_maat
D:6:      layout_basic, lemuel_doored_altar,
          nicolae_ossuary_entry_false_entrances, serial_co_window_serial,
          co_window_corner_a, co_window_cross_1, co_window_paths_a,
          co_window_paths_a, co_window_corner_a, co_window_paths_a,
          co_window_cross_1, co_window_cross_4, co_window_corner_cb,
          co_window_unsneaky_path_b, glass_columns_b, glass_columns_a,
          kennysheep_small_circle
D:7:      layout_gridville, minmay_temple_entry_antechambers,
          minmay_misc_feat_ornament, small_statue_intersection
D:8:      layout_basic, serial_shops, kennysheep_mini_moat,
          nicolae_qazlal_general_emergency, uniq_psyche
D:9:      minmay_the_grid_plus_closed [minmay_the_grid_embedded,
          minmay_the_grid_spikes, minmay_the_grid_pillar_ring,
          minmay_the_grid_spin_star,
          minmay_the_grid_prize_four_corners_diamond_b], layout_grid_maze
D:10:     layout_basic, erik_lair_orcish_takeover, basic_altar, uniq_harold
D:11:     layout_stronghold, hiddenorc2_lemuel, basic_altar, grunt_livestock,
          uniq_nergalle, uniq_urug
D:12:     layout_gridville
D:13:     layout_rooms, serial_curves, eino_curves_02, eino_curves_03,
          uniq_kirke
D:14:     layout_long_grid, david_vaults_3, serial_rivers,
          chequers_serial_rivers_room_b, chequers_serial_rivers_micro_d,
          chequers_serial_rivers_micro_e, chequers_serial_rivers_marsh,
          chequers_serial_rivers_small_a, chequers_serial_rivers_room_a,
          gauntlet_entry_generic
D:15:     grunt_enter_depths_snipers, layout_loops_ring, minmay_misc_feat_tower,
          dk_noncrumbling_4, serial_bayou_ford_a
Temple:   roderic_octagonal_lattice_temple
Lair:1:   layout_cave_pods, gammafunk_ghost_berserking_beasts,
          grunt_megastairs_2
Lair:2:   layout_regular_city, shoals_dummy_entry, guppyfry_snake_entry_garden
Lair:3:   layout_loops_ring, columned_hall_lemuel, beast_lair_carwin_1,
          infiniplex_staircase_pool
Lair:4:   layout_roguey, forest_entry_grove, minmay_lair_oklob_chamber
Lair:5:   layout_cave_shapes, basic_altar, enter_volcano_2
Lair:6:   due_jungle_book, layout_regular_city, dpeg_slime_entry_enclosed_altar
Snake:1:  layout_misc_corridors, gammafunk_ghost_arena
Snake:2:  layout_cave_shapes, serial_shops, shop_statue
Snake:3:  layout_rooms, portal_ice_cave_entry_dragon
Snake:4:  snake_hunt, layout_rooms, st_stairs_8, uniq_asterion, uniq_mara,
          uniq_donald
Orc:1:    layout_diamond_mine, serial_shops, nicolae_shop_waterfront,
          nicolae_shop_stone, shop_statue, shop_statue,
          gammafunk_ghost_fury_of_okawaru, basic_altar, minmay_orc_temple_b
Orc:2:    grunt_orc_cross, layout_caves, basic_altar

Skill      XL: |  1  2  3  4  5  6  7  8  9 10 11 12 13 14 15 |
---------------+----------------------------------------------+-----
Spellcasting   | 3 4 5 6 7 8 9 10 | 10.0
Hexes          | 1 2 |  2.0
Summonings     | 5 6 7 8 9 10 11 12 13 14 | 14.3
Ice Magic      | 2 3 4 5 |  5.0
Shields        | 2 4 5 7 8 10 11 12 13 | 13.0
Air Magic      | 1 3 4 5 |  5.0
Fighting       | 2 4 5 6 8 9 10 | 10.0
Polearms       | 2 3 5 6 7 8 9 |  9.1
Invocations    | 2 3 5 6 7 8 9 |  9.7
Evocations     | 1 3 4 5 6 |  6.0
Charms         | 2 |  2.0
Translocations | 2 4 5 |  5.0
Dodging        | |  1.7
Stealth        | |  1.7

Action                   |  1- 3 |  4- 6 |  7- 9 | 10-12 | 13-15 || total
-------------------------+-------+-------+-------+-------+-------++-------
Melee: Spear             |   122 |   193 |   437 |   841 |  1857 ||  3450
       Tailslap          |     4 |    18 |    31 |    74 |   187 ||   314
       Eveningstar       |       |       |       |    12 |       ||    12
       Short sword       |       |       |       |     2 |    10 ||    12
Throw: Dart              |       |       |     2 |     6 |       ||     8
 Cast: Summon Small Mamm |     6 |       |       |       |       ||     6
       Call Imp          |     6 |    16 |     6 |       |       ||    28
       Call Canine Famil |       |    10 |    21 |    44 |    92 ||   167
       Summon Guardian G |       |     1 |     3 |    11 |    32 ||    47
       Summon Ice Beast  |       |       |    15 |    91 |   302 ||   408
       Summon Lightning  |       |       |     3 |    29 |    43 ||    75
       Lightning Bolt    |       |       |       |       |     1 ||     1
       Summon Demon      |       |       |       |       |    49 ||    49
       Summon Forest     |       |       |       |       |    33 ||    33
       Summon Hydra      |       |       |       |       |     4 ||     4
Invok: Divine Exegesis   |       |       |       |       |     1 ||     1
       Channel Magic     |       |       |       |       |     2 ||     2
 Abil: Breathe Noxious F |       |       |    15 |    19 |    56 ||    90
Evoke: Wand              |       |       |       |    13 |    83 ||    96
       Lightning rod     |       |       |       |     3 |     7 ||    10
       Box of beasts     |       |       |       |       |     1 ||     1
  Use: Scroll            |     2 |     3 |     7 |     9 |    26 ||    47
       Potion            |       |       |       |       |     6 ||     6
 Stab: Sleeping          |     3 |     9 |     5 |     3 |     3 ||    23
       Distracted        |     1 |     1 |     5 |     5 |    39 ||    51
       Confused          |       |       |     9 |    11 |    42 ||    62
       Paralysed         |       |       |       |       |     5 ||     5
       Betrayed ally     |       |       |       |       |     2 ||     2
  Eat: Chunk             |     2 |     9 |    15 |    49 |    67 ||   142
       Ration            |       |       |     2 |     1 |    10 ||    13
Armor: Skin              |    41 |    44 |   109 |   146 |   238 ||   578
Dodge: Dodged            |    91 |    81 |   182 |   310 |   331 ||   995
Block: Shield            |       |       |       |   188 |   724 ||   912

Table legend:
 A = Non-vault XP
 B = Vault XP
 C = Vault XP percentage of total XP
 D = Non-vault monster count
 E = Vault monster count
 F = Vault count percentage of total count
                 A         B        C        D         E       F
            +---------+---------+-------+---------+---------+-------
      Total |  104283 |   43377 |  29.4 |     779 |     290 |  27.1
            +---------+---------+-------+---------+---------+-------
        D:1 |      37 |       0 |   0.0 |      21 |       0 |   0.0
        D:2 |     105 |      23 |  18.0 |      34 |      11 |  24.4
        D:3 |     118 |      34 |  22.4 |      27 |       1 |   3.6
        D:4 |     524 |     575 |  52.3 |      22 |       6 |  21.4
        D:5 |     231 |     390 |  62.8 |      11 |       3 |  21.4
        D:6 |     833 |      14 |   1.7 |      27 |       2 |   6.9
        D:7 |    1123 |       0 |   0.0 |      31 |       0 |   0.0
        D:8 |    1051 |     209 |  16.6 |      25 |       1 |   3.8
        D:9 |    1757 |    4084 |  69.9 |      25 |      18 |  41.9
       D:10 |    3100 |     854 |  21.6 |      30 |       9 |  23.1
       D:11 |    5456 |    2089 |  27.7 |      51 |      39 |  43.3
       D:12 |    5971 |     330 |   5.2 |      51 |       3 |   5.6
       D:13 |    5990 |    1324 |  18.1 |      28 |       3 |   9.7
       D:14 |    8472 |    6079 |  41.8 |      42 |      22 |  34.4
       D:15 |   10975 |     349 |   3.1 |      48 |       1 |   2.0
     Lair:1 |    1283 |    1759 |  57.8 |       9 |       6 |  40.0
     Lair:2 |    2457 |     172 |   6.5 |      19 |       2 |   9.5
     Lair:3 |    2197 |    1514 |  40.8 |      19 |       7 |  26.9
     Lair:4 |    3963 |    1830 |  31.6 |      25 |      11 |  30.6
     Lair:5 |    3624 |       0 |   0.0 |      16 |       0 |   0.0
     Lair:6 |    9868 |    1808 |  15.5 |      33 |       5 |  13.2
    Snake:1 |    9910 |       0 |   0.0 |      32 |       0 |   0.0
    Snake:2 |   10796 |       0 |   0.0 |      34 |       0 |   0.0
    Snake:3 |   10475 |    2497 |  19.2 |      36 |       4 |  10.0
    Snake:4 |       0 |     367 | 100.0 |       0 |       1 | 100.0
      Orc:1 |    2088 |     879 |  29.6 |      60 |      12 |  16.7
      Orc:2 |    1879 |    3947 |  67.7 |      23 |      31 |  57.4
    Ossuary |       0 |     159 | 100.0 |       0 |      16 | 100.0
      IceCv |       0 |    7021 | 100.0 |       0 |      59 | 100.0
    Volcano |       0 |    2410 | 100.0 |       0 |       7 | 100.0
   Gauntlet |       0 |    2660 | 100.0 |       0 |      10 | 100.0
            +---------+---------+-------+---------+---------+-------
